 Dungeon Crawl Stone Soup version 0.31-a0-344-gd109795599 (webtiles) character file.

Game seed: 13526373129124552682

52 AdnanSaban the Trooper (level 3, 0/24 HPs)
             Began as a Gargoyle Fighter on July 22, 2023.
             Slain by an orc
             ... wielding a +0 whip
              (5 damage)
             ... on level 3 of the Dungeon.
             The game lasted 00:00:55 (1124 turns).

AdnanSaban the Trooper (Gargoyle Fighter)           Turns: 1124, Time: 00:00:56

Health: 0/24       AC: 10    Str: 21    XL:     3   Next: 85%
Magic:  3/3        EV:  9    Int:  8    God:
Gold:   60         SH:  4    Dex:  9    Spells: 2/2 levels left

rFire   . . .        a - +0 flail
rCold   . . .        c - +0 buckler
rNeg    + . .        b - +0 scale mail
rPois   ∞            (no helmet)
rElec   +            (no cloak)
rCorr   .            (no gloves)
SInv    .            (no boots)
Will    .....        (no amulet) Stlth
                     (no ring)
HPRegen 0.24/turn    (no ring)
MPRegen 0.08/turn

%: no passive effects
@: no status effects
A: sickness immunity, AC +3, negative energy resistance 1, electricity
resistance, torment resistance 1, petrification resistance
a: no special abilities


You were on level 3 of the Dungeon.
You visited 1 branch of the dungeon, and saw 3 of its levels.

You collected 60 gold pieces.

Inventory:

Hand Weapons
 a - a +0 flail (weapon)
Armour
 b - a +0 scale mail (worn)
 c - a +0 buckler (worn)
Jewellery
 g - a ring of fire
Scrolls
 f - a scroll of vulnerability {unknown}
 i - a scroll of brand weapon {unknown}
 j - a scroll of teleportation {unknown}
Potions
 d - a potion of might
 e - a potion of lignification {unknown}
 h - a potion of brilliance {unknown}


   Skills:
 + Level 3.9 Fighting
 + Level 2.6 Maces & Flails
 + Level 3.7 Armour
 + Level 0.1 Dodging
 + Level 3.6 Shields


You had 2 spell levels left.
You didn't know any spells.
Your spell library was empty.

Dungeon Overview and Level Annotations

Branches:
Dungeon (2/15)

Altars:

Annotations:
D:3 1 transporter, MrAu's ghost, amateur OgGl


Innate Abilities, Weirdness & Mutations

You are immune to sickness and miasma.
Your stone body is resilient. (AC +3)
You are immune to poison.
You resist negative energy. (rN+)
You are resistant to electric shocks. (rElec)
You are resistant to unholy torment.
You are immune to petrification.


Message History

The rat twitches its whiskers.
The rat bites you. You block the orc's attack. The orc closely misses you.
The rat bites you but does no damage. The rat bites you.
You are too injured to fight recklessly!
You are too injured to fight recklessly!
You are too injured to fight recklessly!
You are too injured to fight recklessly!
You are too injured to fight recklessly!
You are too injured to fight recklessly!
You are too injured to fight recklessly!
You are too injured to fight recklessly!
You are too injured to fight recklessly!
You are too injured to fight recklessly!
You are too injured to fight recklessly!
You are too injured to fight recklessly!
You are too injured to fight recklessly!
You are too injured to fight recklessly!
You are too injured to fight recklessly!
You are too injured to fight recklessly!
You are too injured to fight recklessly!
You are too injured to fight recklessly!
You are too injured to fight recklessly!
You are too injured to fight recklessly!
Unknown command.
You hit the orc.
The orc is heavily wounded.
You block the orc's attack. The orc closely misses you.
The rat completely misses you. The rat bites you but does no damage.
The orc closely misses you. The orc hits you with a +0 hand axe.
You hit the orc but do no damage.
The orc is heavily wounded.
The rat bites you but does no damage. The rat barely misses you.
The orc hits you with a +0 hand axe.
* * * LOW HITPOINT WARNING * * *
The orc barely misses you. You block the rat's attack.
You hit the orc but do no damage.
The orc is heavily wounded.
The rat bites you but does no damage. You block the orc's attack.
The orc hits you with a +0 whip.
You die...

##~#~# . ~~~~.
##.# .. ~... .#.
.. !.. .. . .
.##..##.#.#..
....o..#....
#.#oor......
####.##@r......
+..............
####+#.........
#............##
#...........##
#+ #...........#
#.##..........##
#.............#
5
#......######.#
.#


You could see 3 orcs and 2 rats.

Vanquished Creatures
  An adder (D:3)
  A gnoll (D:1)
  An orc (D:3)
  A ball python (D:1)
  2 endoplasms (D:1)
  2 giant cockroaches (D:1)
  4 hobgoblins (D:1)
  3 jackals (D:1)
  A kobold (D:1)
  2 bats (D:1)
  2 frilled lizards
  3 goblins
  9 rats (D:1)
32 creatures vanquished.

Notes
Turn   | Place    | Note
-------+----------+-------------------------------------------
     0 | D:1      | AdnanSaban the Gargoyle Fighter began the quest for the
                  | Orb.
     0 | D:1      | Reached XP level 1. HP: 14/14 MP: 1/1
   100 | D:1      | Reached XP level 2. HP: 19/19 MP: 2/2
   309 | D:1      | Reached XP level 3. HP: 23/24 MP: 3/3
   986 | D:2      | You fall into a shaft and drop 1 floor!
   986 | D:3      | Found a faded altar of an unknown god.
  1012 | D:3      | Found a transporter.
  1016 | D:3      | Noticed MrAu's ghost (amateur OgGl)
  1124 | D:3      | Slain by an orc

Illustrated notes

Levels and vault maps discovered:
D:1:      dpeg_arrival_subterranean_lakeside_camping, layout_basic
D:2:      layout_basic, grunt_ministairs_10, nicolae_titane, uniq_terence
D:3:      layout_basic, lightli_sewer_entry_pipes, gammafunk_ghost_stat_death,
          shapermc_ecumenical_altar_pompeii

Action                     || total
---------------------------++-------
  Melee: Flail             ||    92
 Armour: Scale mail        ||    68
  Dodge: Dodged            ||    56
  Block: Buckler           ||    25

Table legend: (Time is in decaauts)
 A = Elapsed time spent in this place.
 B = Non-inter-level travel time spent in this place.
 C = Inter-level travel time spent in this place.
 D = Time resting spent in this place.
 E = Time spent auto-exploring this place.
 F = Levels seen in this place.
 G = Mean time per level.
                   A        B        C        D        E       F      G
               +--------+--------+--------+--------+--------+-----+--------+
         Total |   1153 |   1131 |     22 |      0 |    928 |   3 |  384.3 |
       Dungeon |   1153 |   1131 |     22 |      0 |    928 |   3 |  384.3 |
               +--------+--------+--------+--------+--------+-----+--------+

Top non-repeatable levels by time:
     D:1: 1008 daAuts
     D:3: 142 daAuts
     D:2: 2 daAuts
